 Dungeon Sprint DCSS version 0.29-a0-870-g2c972031a6 (webtiles) character file.

Game seed: 749474800181415600

1508 mhtbhm the Protected (level 8, -10/59 HPs)
             Began as a Gargoyle Fighter on July 17, 2022.
             Was a Believer of Makhleb.
             Mangled by a seven-headed hydra (13 damage)
             ... in the Dungeon (Sprint IX: "|||||||||||||||||||||||||||||").
             The game lasted 00:01:01 (346 turns).

mhtbhm the Protected (Gargoyle Fighter)              Turns: 346, Time: 00:01:01

Health: -10/59     AC: 18    Str: 28    XL:     8   Next: 82%
Magic:  8/8        EV: 10    Int:  9    God:    Makhleb [**....]
Gold:   0          SH:  6    Dex:  9    Spells: 7/7 levels left

rFire   . . .      SeeInvis .   a - +2 morningstar (vorpal)
rCold   . . .      Faith    .   c - +0 buckler
rNeg    + . .      Spirit   .   b - +1 scale mail
rPois   ∞          Reflect  .   k - +0 helmet
rElec   +          Harm     .   (no cloak)
rCorr   .          Rampage  .   (no gloves)
Will    .....      NoTele   +   l - +0 pair of boots
Stlth   ..........              (no amulet)
HPRegen 0.19/turn               m - +3 ring of strength
MPRegen 0.11/turn               n - +3 ring of strength

@: no status effects
A: sickness immunity, AC +5, negative energy resistance 1, electricity
resistance, torment resistance 1, petrification resistance
a: Renounce Religion, Minor Destruction


You were in the Dungeon.
You worshipped Makhleb.
Makhleb was pleased with you.
You visited 1 branch

Inventory:

Hand Weapons
 a - a +2 vorpal morningstar (weapon)
Armour
 b - a +1 scale mail (worn)
 c - a +0 buckler (worn)
 k - a +0 helmet (worn)
 l - a +0 pair of boots (worn)
Jewellery
 m - a +3 ring of strength (left hand)
 n - a +3 ring of strength (right hand)
Wands
 i - a wand of acid (3)
Scrolls
 g - 2 scrolls of amnesia
 j - 2 scrolls of blinking
Potions
 d - a potion of invisibility
 e - 5 potions of curing
 f - 2 potions of heal wounds
 h - 4 potions of magic


   Skills:
 + Level 10.6 Fighting
 + Level 9.6 Maces & Flails
 + Level 11.0 Armour
 + Level 2.7 Dodging
 + Level 10.8 Shields
 + Level 2.0 Evocations


You had 7 spell levels left.
You didn't know any spells.
Your spell library was empty.

Dungeon Overview and Level Annotations

Branches:
Dungeon (1/1)

Altars:
Cheibriados
Dithmenos
Elyvilon
Fedhas
Gozag
Hepliaklqana
Kikubaaqudgha
Makhleb
Nemelex Xobeh
Okawaru
Qazlal
Ru
Sif Muna
Trog
Uskayaw
Vehumet
Wu Jian
Xom
Yredelemnul
Zin
The Shining One
Jiyva
Lugonu


Innate Abilities, Weirdness & Mutations

You are immune to sickness and miasma.
Your stone body is resilient. (AC +5)
You are immune to poison.
You resist negative energy. (rN+)
You are resistant to electric shocks. (rElec)
You are resistant to unholy torment.
You are immune to petrification.


Message History

You sock the seven-headed hydra!
The seven-headed hydra is heavily wounded.
You block the seven-headed hydra's attack.
The seven-headed hydra bites you!
You block the seven-headed hydra's attack.
The seven-headed hydra bites you but does no damage.
You block the seven-headed hydra's attack. x3
You sock the seven-headed hydra!
The seven-headed hydra is heavily wounded.
You block the seven-headed hydra's attack.
The seven-headed hydra bites you but does no damage. x2
You block the seven-headed hydra's attack.
The seven-headed hydra bites you but does no damage.
You block the seven-headed hydra's attack.
The seven-headed hydra bites you but does no damage.
Aiming: Corrosive Bolt
Press: ? - help, Shift-Dir - straight line, f - seven-headed hydra
Aim: a seven-headed hydra (heavily wounded, 90% to hit)
The bolt of acid hits the seven-headed hydra!!
The acid corrodes the seven-headed hydra!
The seven-headed hydra is almost dead.
The bolt of acid hits the manticore!
The acid corrodes the manticore!
The manticore is moderately wounded.
The bolt of acid misses the troll.
The bolt of acid hits the deep elf pyromancer!
The acid corrodes the deep elf pyromancer!
The deep elf pyromancer is moderately wounded.
The bolt of acid hits the howler monkey!
The howler monkey is heavily wounded.
The seven-headed hydra closely misses you.
The seven-headed hydra bites you but does no damage.
The seven-headed hydra bites you!
* * * LOW HITPOINT WARNING * * *
The seven-headed hydra bites you!
* * * LOW HITPOINT WARNING * * *
The seven-headed hydra bites you.
* * * LOW HITPOINT WARNING * * *
The seven-headed hydra barely misses you.
The seven-headed hydra bites you!
You die... ▓▓▓▓▓▓▓▓▓▓▓▓▓▓▓▓▓▓▓▓▓▓▓▓ .CheTHD@..).))...[..)..' ▓▓▓▓▓▓▓▓▓▓▓▓▓▓▓▓▓▓▓▓▓▓▓▓

You could see a seven-headed hydra (corroded), a manticore (corroded), a cyclops, a deep elf pyromancer (corroded), a troll and a howler monkey (catching breath).

Vanquished Creatures
  A two-headed ogre (D)
  A troll (D)
  A hornet (D)
  A vampire (D)
  An ogre (D)
  2 phantoms (D)
  A gnoll sergeant (D)
  An orc priest (D)
  An iguana (D)
  An adder (D)
  2 bats (D)
  An endoplasm (D)
  A kobold (D)
  A rat (D)
16 creatures vanquished.

Notes
Turn   | Place    | Note
-------+----------+-------------------------------------------
     0 | D        | mhtbhm the Gargoyle Fighter began the quest for the Orb.
     0 | D        | Reached XP level 1. HP: 14/14 MP: 1/1
    24 | D        | Noticed an iguana
    24 | D        | Noticed an ogre
    24 | D        | Noticed a phantom
    24 | D        | Noticed a phantom
    35 | D        | Killed a phantom
    36 | D        | Reached skill level 5 in Fighting
    36 | D        | Reached skill level 5 in Armour
    36 | D        | Reached skill level 5 in Shields
    36 | D        | Reached XP level 2. HP: 22/22 MP: 2/2
    36 | D        | Reached XP level 3. HP: 27/27 MP: 3/3
    36 | D        | Reached XP level 4. HP: 32/32 MP: 4/4
    38 | D        | Killed a phantom
    39 | D        | Reached skill level 6 in Armour
    39 | D        | Reached XP level 5. HP: 37/37 MP: 5/5
    56 | D        | Killed an ogre
    57 | D        | Reached skill level 5 in Maces & Flails
    57 | D        | Reached skill level 7 in Armour
    57 | D        | Reached XP level 6. HP: 35/44 MP: 6/6
    69 | D        | Found a snail-covered altar of Cheibriados.
    69 | D        | Found a shadowy altar of Dithmenos.
    69 | D        | Found a white marble altar of Elyvilon.
    69 | D        | Found a blossoming altar of Fedhas.
    69 | D        | Found an opulent altar of Gozag.
    70 | D        | Found a hazy altar of Hepliaklqana.
    71 | D        | Found a viscous altar of Jiyva.
    72 | D        | Found an ancient bone altar of Kikubaaqudgha.
    73 | D        | Found a corrupted altar of Lugonu.
    74 | D        | Found a burning altar of Makhleb.
    75 | D        | Found a sparkling altar of Nemelex Xobeh.
    76 | D        | Found an iron altar of Okawaru.
    77 | D        | Found a stormy altar of Qazlal.
    78 | D        | Found a sacrificial altar of Ru.
    79 | D        | Found a shimmering blue altar of Sif Muna.
    80 | D        | Found a bloodstained altar of Trog.
    81 | D        | Found a hide-covered altar of Uskayaw.
    82 | D        | Became a worshipper of Makhleb the Destroyer
    83 | D        | Found a radiant altar of Vehumet.
    84 | D        | Found an ornate altar of the Wu Jian Council.
    85 | D        | Found a shimmering altar of Xom.
    86 | D        | Found a basalt altar of Yredelemnul.
    87 | D        | Found a glowing silver altar of Zin.
    88 | D        | Found a glowing golden altar of the Shining One.
   159 | D        | Noticed a vampire
   159 | D        | Noticed a hornet
   159 | D        | Noticed a two-headed ogre
   159 | D        | Noticed a troll
   167 | D        | Killed a troll
   167 | D        | Killed a hornet
   168 | D        | Reached skill level 9 in Armour
   168 | D        | Reached skill level 1 in Dodging
   168 | D        | Reached skill level 1 in Evocations
   168 | D        | Reached XP level 7. HP: 35/51 MP: 7/7
   169 | D        | Killed a two-headed ogre
   169 | D        | Reached * piety under Makhleb
   170 | D        | Reached skill level 10 in Fighting
   170 | D        | Reached skill level 10 in Armour
   170 | D        | Reached skill level 10 in Shields
   170 | D        | Reached XP level 8. HP: 8/57 MP: 8/8
   172 | D        | Killed a vampire
   172 | D        | Reached ** piety under Makhleb
   173 | D        | Reached skill level 11 in Armour
   340 | D        | Noticed a cyclops
   340 | D        | Noticed a deep elf pyromancer
   340 | D        | Noticed a troll
   340 | D        | Noticed a manticore
   340 | D        | Noticed a seven-headed hydra
   346 | D        | Mangled by a seven-headed hydra

Illustrated notes

Levels and vault maps discovered:
D:        linesprint [early_d, line_temple, items_1, d_10, items_2, lair_1,
          lair_end, items_3, orc_1, orc_end, items_4, d_15, swamp_1, shoals_1,
          snake_1, spider_1, d_20, vaults_1, items_5, swamp_end, shoals_end,
          snake_end, spider_end, vaults_end, d_27, items_6, zot_1, zot_end,
          crypt_end, forest_end, elf_end, slime_end, tomb_end, abyss_end,
          pan_hell_end]

Skill      XL: |  1  2  3  4  5  6  7  8 |
---------------+-------------------------+-----
Fighting       | 5 6 7 9 10 | 10.6
Maces & Flails | 3 4 5 7 9 |  9.6
Armour         | 5 6 7 9 10 11 | 11.0
Shields        | 5 6 7 9 10 | 10.8
Dodging        | 1 2 |  2.7
Evocations     | 1 2 |  2.0

Action                   |  1- 3 |  4- 6 |  7- 9 || total
-------------------------+-------+-------+-------++-------
Melee: Flail             |    17 |    25 |       ||    42
       Morningstar       |       |     4 |     7 ||    11
Evoke: Wand              |       |     4 |     3 ||     7
  Use: Potion            |     1 |     2 |     1 ||     4
Armor: Scale mail        |    12 |    15 |    15 ||    42
Dodge: Dodged            |     4 |    20 |    10 ||    34
Block: Buckler           |     1 |     9 |    13 ||    23

Table legend: (Time is in decaauts)
 A = Elapsed time spent in this place.
 B = Non-inter-level travel time spent in this place.
 C = Inter-level travel time spent in this place.
 D = Time resting spent in this place.
 E = Time spent auto-exploring this place.
 F = Levels seen in this place.
 G = Mean time per level.
                   A        B        C        D        E       F      G
               +--------+--------+--------+--------+--------+-----+--------+
         Total |    339 |    339 |      0 |    180 |      3 |   1 |  339.0 |
       Dungeon |    339 |    339 |      0 |    180 |      3 |   1 |  339.0 |
               +--------+--------+--------+--------+--------+-----+--------+

Top non-repeatable levels by time:
       D: 339 daAuts
